 Dungeon Crawl Stone Soup version 0.19-a0-1827-g174f941 (webtiles) character file.

259 pokedragonboy the Conjurer (level 5, -5/28 HPs)
             Began as a Deep Elf Conjurer on Oct 7, 2016.
             Slain by a slave (9 damage)
             ... led by Pikel
             ... on level 4 of the Dungeon.
             The game lasted 00:09:49 (2698 turns).

pokedragonboy the Conjurer (Deep Elf Conjurer)      Turns: 2698, Time: 00:09:52

Health: -5/28      AC:  2    Str:  5    XL:     5   Next: 94%
Magic:  0/14       EV: 13    Int: 26    God:
Gold:   203        SH:  0    Dex: 15    Spells: 4 memorised, 3 levels left

rFire  . . .     SeeInvis +     (no weapon)
rCold  . . .     Gourm    .     a - +0 robe
rNeg   . . .     Faith    .     (no shield)
rPois  .         Spirit   .     (no helmet)
rElec  .         Dismiss  .     (no cloak)
rCorr  .         Reflect  .     (no gloves)
MR     .....     Harm     .     (no boots)
Stlth  ++........               l - amulet of magic regeneration
                                (no ring)
                                o - ring of see invisible

@: brilliant
A: no striking features
a: no special abilities


You were on level 4 of the Dungeon.
You were not hungry.

You visited 1 branch of the dungeon, and saw 4 of its levels.

You collected 203 gold pieces.

Inventory:

Missiles
 n - 2 throwing nets (quivered)
 p - 3 exploding tomahawks
Armour
 a - a +0 robe (worn)
Jewellery
 e - a +5 amulet of reflection
 l - an amulet of magic regeneration (around neck)
 o - a ring of see invisible (left hand)
Scrolls
 k - a scroll of remove curse
 m - a scroll of blinking
 q - a scroll of identify
Potions
 f - a potion of lignification {unknown}
 g - a potion of brilliance
 i - a potion of degeneration {unknown}
 j - 3 potions of curing {unknown}
 r - a potion of cancellation {unknown}
Books
 b - a book of Conjurations

   Spells                             Type                      Level
   a - Magic Dart                     Conjuration                  1
   b - Searing Ray                    Conjuration                  2
   c - Dazzling Spray                 Conjuration/Hexes            3
   d - Fulminant Prism                Conjuration/Hexes            4
   e - Iskenderun's Mystic Blast      Conjuration                  4
   f - Iskenderun's Battlesphere      Conjuration/Charms           5
Comestibles
 c - a bread ration
 d - 3 chunks of flesh
 h - a beef jerky


   Skills:
 + Level 2.5 Dodging
 - Level 2.4 Stealth
 + Level 5.1 Spellcasting
 * Level 6.7 Conjurations
 + Level 0.6 Hexes
 * Level 1.9 Charms


You had 3 spell levels left.
You knew the following spells:

 Your Spells              Type           Power        Failure   Level  Hunger
a - Magic Dart            Conj           ####         1%          1    None
b - Searing Ray           Conj           ######       1%          2    None
c - Dazzling Spray        Conj/Hex       #####.       1%          3    #......
d - Iskenderun's Battles  Conj/Chrm      #####...     4%          5    #####..


Dungeon Overview and Level Annotations

Branches:
Dungeon (4/15)
 Temple: D:4-7

Altars:
Dithmenos
Xom


Message History

The slave is dazzled.
Your battlesphere fires!
The barrage of energy hits the slave.
The slave is severely wounded.
The slave closely misses you.
Casting: Dazzling Spray
Confirm with . or Enter, or press ? or * to list all spells.
You don't have enough magic to cast that spell.
Casting: Dazzling Spray
Confirm with . or Enter, or press ? or * to list all spells.
Aiming: Magic Dart
Press: ? - help, Shift-Dir - straight line, f/p - slave
Aim: a slave, wearing an animal skin (severely wounded, blind)
The magic dart hits the slave.
The slave is severely wounded.
Your battlesphere fires!
The barrage of energy hits the slave.
The slave is severely wounded.
The slave hits you!
You die...

####### #.....#
#[....# #####.....#
########.........#
.................#
########.###......#
#...*.p@.# #.#.####
#######.########
#.#.# ####.*.....#
#.#.# .....#######
#.#.# ####.....#
#.#.# .........
#.#.# ..$.......
#...# #..........
#..## ..........[
##..#


You could see a slave (blind) and a friendly battlesphere.

Vanquished Creatures
  A centaur skeleton (D:4)
  An orc priest (D:3)
  3 gnolls (D:2)
  9 adders
  2 oozes (D:3)
  2 worms (D:2)
  2 leopard geckos
  9 orcs (D:3)
  A ball python (D:2)
  5 bats
  5 giant cockroaches
  9 goblins
  4 hobgoblins
  4 jackals (D:2)
  A quokka (D:3)
  5 frilled lizards
  4 kobolds
  6 rats
73 creatures vanquished.

Notes
Turn   | Place    | Note
-------+----------+-------------------------------------------
     0 | D:1      | pokedragonboy the Deep Elf Conjurer began the quest for the Orb.
     0 | D:1      | Reached XP level 1. HP: 10/10 MP: 6/6
   117 | D:1      | Reached XP level 2. HP: 15/15 MP: 6/8
   405 | D:1      | Learned a level 2 spell: Searing Ray
   496 | D:2      | Reached skill level 5 in Conjurations
   591 | D:2      | Reached XP level 3. HP: 19/19 MP: 6/10
   629 | D:2      | Reached XP level 4. HP: 16/24 MP: 1/12
  1373 | D:2      | Reached skill level 6 in Conjurations
  1632 | D:2      | Learned a level 3 spell: Dazzling Spray
  1657 | D:3      | Reached XP level 5. HP: 28/28 MP: 0/14
  1815 | D:3      | Found a shadowy altar of Dithmenos.
  1879 | D:3      | Found a faded altar of an unknown god.
  1940 | D:3      | Reached skill level 5 in Spellcasting
  2087 | D:3      | Learned a level 5 spell: Iskenderun's Battlesphere
  2097 | D:3      | Found a shimmering altar of Xom.
  2098 | D:3      | Found a shimmering altar of Xom.
  2455 | D:3      | Reached skill level 1 in Charms
  2672 | D:4      | Noticed a slave
  2675 | D:4      | Noticed a slave
  2698 | D:4      | Slain by a slave

Vault maps used:
D:1:      minmay_arrival_plants_in_alcoves
D:2:      hangedman_glass_teeth, kennysheep_decorative_pillar
D:3:      xom_redecorated, lemuel_crystal_altar, ecumenical_altar_2
D:4:      lemuel_doored_altar, serial_shops, shop, okawaru_trees_2, uniq_pikel

Skill      XL: |  1  2  3  4  5 |
---------------+----------------+-----
Conjurations   | 5 6 |  6.7
Spellcasting   | 4 5 |  5.1
Charms         | 1 |  1.9
Dodging        | |  2.5
Stealth        | |  2.4
Hexes          | |  0.6

Action                   |  1- 3 |  4- 6 || total
-------------------------+-------+-------++-------
 Cast: Magic Dart        |    43 |    79 ||   122
       Searing Ray       |     2 |    10 ||    12
       Dazzling Spray    |       |     6 ||     6
       Iskenderun's Batt |       |     1 ||     1
  Use: Scroll            |     1 |     7 ||     8
       Potion            |       |     1 ||     1
  Eat: Chunk             |       |     4 ||     4
       Beef jerky        |       |     1 ||     1
Armor: Robe              |       |     3 ||     3
Dodge: Dodged            |     2 |    14 ||    16
